 Dungeon Crawl Stone Soup version 0.28.0-45-g0d030f2227 (webtiles) character file.

Game seed: 598332018963380349

8023 joshe the Thaumaturge (level 11, -1/56 HPs)
             Began as a Deep Elf Necromancer on Apr 24, 2022.
             Was a Believer of Kikubaaqudgha.
             Slain by a cane toad (14 damage)
             ... on level 8 of the Dungeon.
             The game lasted 01:59:33 (16724 turns).

joshe the Thaumaturge (Deep Elf Necromancer)       Turns: 16724, Time: 01:59:35

Health: -1/56      AC:  9    Str: 11    XL:     11   Next: 4%
Magic:  0/30       EV: 17    Int: 25    God:    Kikubaaqudgha [**....]
Gold:   427        SH:  5    Dex: 15    Spells: 14/36 levels left

rFire   + . .      SeeInvis .   C - staff of earth
rCold   . . .      Faith    .   k - +0 buckler
rNeg    . . .      Spirit   +   T - +2 robe {rF+}
rPois   .          Reflect  .   v - +0 helmet
rElec   .          Harm     .   N - +1 cloak
rCorr   .          Rampage  .   D - +0 pair of gloves
Will    +....                   f - +0 pair of boots
Stlth   +++.......              g - amulet of guardian spirit
HPRegen 0.18/turn               h - +6 ring of strength
MPRegen 0.22/turn               b - +4 ring of evasion

@: about to teleport
A: no striking features
a: Renounce Religion, Receive Corpses


You were on level 8 of the Dungeon.
You worshipped Kikubaaqudgha.
Kikubaaqudgha was pleased with you.
You visited 3 branches of the dungeon, and saw 11 of its levels.

You collected 571 gold pieces.
You spent 144 gold pieces at shops.

Inventory:

Hand Weapons
 q - a +2 dagger of draining
 y - a +4 flail of venom
 E - a +4 hand axe of freezing
Missiles
 r - 3 curare-tipped darts
 s - 6 poisoned darts
 B - 3 silver javelins
Armour
 f - a +0 pair of boots (worn)
 k - a +0 buckler (worn)
 v - a +0 helmet (worn)
 D - a +0 pair of gloves (worn)
 N - a +1 cloak (worn)
 T - a +2 robe of fire resistance (worn)
Magical Staves
 C - a staff of earth (weapon)
Jewellery
 b - a +4 ring of evasion (right hand)
 g - an amulet of guardian spirit (around neck)
 h - a +6 ring of strength (left hand)
 I - an amulet of faith
 R - a ring of wizardry
Wands
 n - a wand of iceblast (10)
 H - a wand of flame (63)
 M - a wand of polymorph (7)
 S - a wand of digging (6)
Scrolls
 a - a scroll of fog {unknown}
 d - a scroll of fear {unknown}
 e - a scroll of torment {unknown}
 j - a scroll of teleportation
 l - 2 scrolls of enchant armour {unknown}
 o - a scroll of holy word {unknown}
 p - 2 scrolls of immolation {unknown}
 t - 3 scrolls of vulnerability {unknown}
 z - a scroll of amnesia {unknown}
 F - a scroll of magic mapping {unknown}
 K - a scroll of noise {unknown}
 Q - a scroll of blinking {unknown}
 U - 2 scrolls of enchant weapon {unknown}
 V - a scroll of summoning {unknown}
 W - a scroll of identify
Potions
 c - 3 potions of resistance
 i - 2 potions of cancellation {unknown}
 m - 3 potions of flight
 u - 2 potions of mutation
 w - 3 potions of haste
 x - a potion of lignification {unknown}
 A - a potion of brilliance
 G - a potion of attraction {unknown}
 J - a potion of might
 L - a potion of degeneration {unknown}
 O - 3 potions of curing
 P - a potion of heal wounds {unknown}


   Skills:
 - Level 1.0 Fighting
 - Level 1.0 Armour
 - Level 5.0 Dodging
 - Level 5.0 Stealth
 - Level 3.0 Shields
 - Level 13.0 Spellcasting
 - Level 5.0 Conjurations
 + Level 11.9 Necromancy
 - Level 2.0 Air Magic
 - Level 5.0 Earth Magic
 - Level 2.0 Poison Magic
 - Level 4.0 Evocations


You had 14 spell levels left.
You knew the following spells:

 Your Spells              Type           Power      Damage    Failure   Level
a - Pain                  Necr           100%       1d9       1%          1
b - Vampiric Draining     Necr           66%        2d10      1%          3
c - Animate Dead          Necr           33%        N/A       1%          4
d - Poisonous Vapours     Pois/Air       52%        N/A       3%          2
e - Animate Skeleton      Necr           100%       N/A       1%          1
f - Stone Arrow           Conj/Erth      100%       3d13      1%          3
g - Sublimation of Blood  Necr           66%        N/A       1%          2
h - Agony                 Necr           66%        N/A       1%          5
i - Foxfire               Conj/Fire      100%       2x1d9     1%          1

Your spell library contained the following spells:

 Spells                   Type           Power      Damage    Failure   Level
 Corpse Rot               Necr/Air       100%       N/A       1%          2
 Conjure Flame            Conj/Fire      28%        6-21      4%          3
 Inner Flame              Hex/Fire       16%        N/A       14%         3
 Animate Armour           Summ/Erth      86%        N/A       17%         4
 Flame Wave               Conj/Fire      28%        2d8       17%         4
 Lehudib's Crystal Spear  Conj/Erth      29%        10d8      100%        8


Dungeon Overview and Level Annotations

Branches:
Dungeon (9/15)             Temple (1/1) D:7            Lair (1/6) D:8
    Orc (0/2) D:9

Altars:
Ashenzari
Cheibriados
Dithmenos
Elyvilon
Fedhas
Gozag
Hepliaklqana
Kikubaaqudgha
Makhleb
Nemelex Xobeh
Okawaru
Qazlal
Ru
Sif Muna
Trog
Uskayaw
Vehumet
Wu Jian
Xom
Yredelemnul
Zin
The Shining One

Shops:
D:2 :   D:7 (

Annotations:
D:5 Menkaure
D:6 1 runed translucent door, Crazy Yiuf


Message History

Kikubaaqudgha accepts your kill.
You feel life coursing into your body.
You feel sick.
You start resting.
You feel sick. x7
You are no longer poisoned.
You start resting.
Magic restored.
You start resting.
HP restored.
You climb downwards.
Welcome back to the Lair of Beasts!
The cane toad completely misses you. The seven-headed hydra bites you.
The seven-headed hydra bites you but does no damage.
The seven-headed hydra bites you. x2
You block the seven-headed hydra's attack.
The seven-headed hydra closely misses you.
The seven-headed hydra bites you! The cane toad misses you.
There is a staircase back to the Dungeon, spattered with blood here.
You block the seven-headed hydra's attack.
The seven-headed hydra bites you!
The seven-headed hydra closely misses you. x2
The seven-headed hydra bites you but does no damage.
The seven-headed hydra bites you!
The seven-headed hydra closely misses you.
The cane toad closely misses you.
The electric eel shoots out a bolt of lightning at you!
The bolt of electricity misses you.
You climb upwards.
Welcome back to the Dungeon!
There is a staircase to the Lair here.
As you read the scroll of teleportation, it crumbles to dust.
You feel strangely unstable. The cane toad stings you.
The seven-headed hydra bites you but does no damage.
The seven-headed hydra bites you.
The seven-headed hydra closely misses you.
The seven-headed hydra completely misses you.
The seven-headed hydra bites you!
The seven-headed hydra bites you but does no damage.
The seven-headed hydra bites you.
* * * LOW HITPOINT WARNING * * *
The cane toad stings you!!
You die...
Kikubaaqudgha rasps: "You have failed me!
Welcome... death!"

#....>..#......# ###.#
#.......[.####.## #...#
#......(#####...## ##.###
#.......#
##.....#########..#..
#####.###
#..P....##..........# #.#
##.......##..........# #.#
#.........#..........#
#.####...D.....#..........#
#..##.....@...............#
##.........F....####..####.
##.##..........# ##.## #.
#.###.....P.#######..###.
#.# #.......#.....#..>...
#.# ##.....##.....#...###
#.# ##...###.....#.#....
#.### #.(.......)......#.
#...###.#..........###..)


You could see a seven-headed hydra and a cane toad.

Vanquished Creatures
  A hydra (D:9)
  An elephant (D:8)
  Joseph (D:8)
  A cane toad (D:8)
  An unseen horror (D:8)
  Maggie (D:6)
  Grinder (D:5)
  2 wraiths
  9 yaks
  2 basilisks (D:8)
  Eustachio (D:4)
  A steam dragon (D:7)
  Edmund (D:4)
  2 water moccasins
  2 acid dragons
  Duvessa (D:5)
  An orc warrior (D:9)
  3 black bears
  An ogre (D:4)
  A sky beast (D:6)
  3 centaurs
  A phantom (D:4)
  Blork the orc (D:5)
  A gnoll sergeant (D:7)
  5 bullfrogs
  2 scorpions (D:6)
  Dowan (D:5)
  5 killer bees
  3 wights (D:7)
  A howler monkey (D:8)
  2 bullfrog skeletons
  3 jellies
  A gnoll shaman (D:5)
  4 orc priests
  5 hounds
  6 orc wizards
  4 iguanas
  A scorpion zombie (D:5)
  A howler monkey zombie (D:9)
  11 gnolls
  2 howler monkey skeletons
  4 adders
  A shadow imp (D:7)
  2 dart slugs (D:2)
  23 orcs
  6 endoplasms
  2 giant cockroaches
  8 goblins
  7 hobgoblins
  2 jackals (D:5)
  2 kobolds
  2 quokkas (D:2)
  3 ball pythons
  2 bats (D:3)
  12 frilled lizards
  2 rats (D:2)
175 creatures vanquished.

Vanquished Creatures (collateral kills)
  2 killer bees (D:8)
  A killer bee zombie (D:8)
  A white imp (D:8)
4 creatures vanquished.

Vanquished Creatures (others)
  16 foxfires (D:9)
  4 fungi (D:8)
  8 plants
28 creatures vanquished.

Grand Total: 207 creatures vanquished

Notes
Turn   | Place    | Note
-------+----------+-------------------------------------------
     0 | D:1      | joshe the Deep Elf Necromancer began the quest for the Orb.
     0 | D:1      | Reached XP level 1. HP: 10/10 MP: 6/6
   636 | D:1      | Reached XP level 2. HP: 10/15 MP: 2/8
   729 | D:1      | Reached skill level 5 in Necromancy
  1413 | D:2      | Found a faded altar of an unknown god.
  1528 | D:2      | Found an ornate altar of the Wu Jian Council.
  1540 | D:2      | Reached XP level 3. HP: 18/19 MP: 8/10
  1555 | D:2      | Reached skill level 4 in Spellcasting
  1759 | D:2      | Found Ciriw's Book Shoppe.
  2149 | D:2      | Learned a level 3 spell: Vampiric Draining
  2292 | D:3      | Reached skill level 5 in Spellcasting
  2292 | D:3      | Reached XP level 4. HP: 15/24 MP: 3/13
  2434 | D:3      | Learned a level 4 spell: Animate Dead
  2598 | D:3      | Reached skill level 1 in Shields
  3242 | D:4      | Reached XP level 5. HP: 10/28 MP: 1/14
  3642 | D:4      | Noticed Eustachio
  3852 | D:4      | Noticed a phantom
  4096 | D:5      | Entered Level 5 of the Dungeon
  4120 | D:5      | Noticed Blork the orc
  4789 | D:5      | Reached XP level 6. HP: 27/32 MP: 10/15
  5325 | D:2      | Bought a book of Vapours for 144 gold pieces
  5328 | D:2      | Learned a level 2 spell: Poisonous Vapours
  5400 | D:4      | Noticed Edmund
  5694 | D:4      | Reached skill level 1 in Air Magic
  5694 | D:4      | Reached skill level 1 in Poison Magic
  6162 | D:4      | Killed Eustachio
  6163 | D:4      | Reached skill level 6 in Spellcasting
  6163 | D:4      | Reached XP level 7. HP: 34/36 MP: 5/18
  6573 | D:4      | Killed Edmund
  6742 | D:4      | Learned a level 1 spell: Animate Skeleton
  7065 | D:5      | Noticed Duvessa
  7065 | D:5      | Noticed Dowan
  7187 | D:4      | Reached skill level 7 in Spellcasting
  7389 | D:5      | Killed Blork the orc
  7895 | D:5      | Noticed Menkaure
  7955 | D:6      | Reached XP level 8. HP: 34/41 MP: 3/21
  8094 | D:6      | Reached skill level 8 in Spellcasting
  8098 | D:6      | Learned a level 3 spell: Stone Arrow
  8104 | D:6      | Found an opulent altar of Gozag.
  8113 | D:6      | Reached skill level 1 in Conjurations
  8113 | D:6      | Reached skill level 1 in Earth Magic
  8260 | D:6      | Found a runed translucent door.
  8261 | D:6      | Noticed Crazy Yiuf
  8852 | D:6      | Reached skill level 9 in Spellcasting
  9015 | D:6      | Reached XP level 9. HP: 42/45 MP: 15/24
  9047 | D:6      | Reached skill level 5 in Dodging
  9245 | D:6      | HP: 1/45 [acid dragon/splash of acid (20)]
  9726 | D:6      | Reached skill level 10 in Necromancy
  9854 | D:6      | Noticed Maggie
  9860 | D:6      | HP: 1/45 [Maggie/bolt of fire (26)]
  9871 | D:6      | Killed Maggie
 10677 | D:7      | Found a staircase to the Ecumenical Temple.
 10691 | Temple   | Entered the Ecumenical Temple
 10819 | Temple   | Became a worshipper of Kikubaaqudgha
 10897 | D:7      | Reached skill level 5 in Earth Magic
 11243 | D:7      | Reached skill level 1 in Evocations
 11255 | D:7      | Reached skill level 5 in Conjurations
 11449 | D:7      | Found Mecs's Antique Weapon Emporium.
 12065 | D:5      | Killed Duvessa
 12076 | D:5      | Killed Dowan
 12416 | D:5      | Noticed Grinder
 12428 | D:5      | Killed Grinder
 12429 | D:5      | Reached skill level 10 in Spellcasting
 12738 | D:8      | Noticed an elephant
 13119 | D:8      | Reached XP level 10. HP: 49/50 MP: 17/26
 13124 | D:8      | Reached skill level 1 in Armour
 13225 | D:8      | Reached * piety under Kikubaaqudgha
 13225 | D:8      | Received a gift from Kikubaaqudgha
 13228 | D:8      | Reached skill level 1 in Fighting
 13552 | D:8      | Noticed Joseph
 13720 | D:8      | Found a staircase to the Lair.
 13793 | D:8      | Reached skill level 11 in Spellcasting
 14258 | D:8      | Killed Joseph
 14259 | D:8      | Reached skill level 12 in Spellcasting
 14407 | D:8      | Killed an elephant
 14742 | D:9      | Reached skill level 5 in Stealth
 14920 | D:8      | Learned a level 2 spell: Sublimation of Blood
 14926 | D:8      | Learned a level 5 spell: Agony
 15122 | D:8      | Learned a level 1 spell: Foxfire
 15181 | D:9      | Noticed a five-headed hydra
 15189 | D:9      | Killed a five-headed hydra
 15190 | D:9      | Reached skill level 13 in Spellcasting
 15410 | D:9      | Found a snail-covered altar of Cheibriados.
 15410 | D:9      | Found a basalt altar of Yredelemnul.
 15412 | D:9      | Found a radiant altar of Vehumet.
 15413 | D:9      | Found a bloodstained altar of Trog.
 15413 | D:9      | Found a sacrificial altar of Ru.
 15415 | D:9      | Found a hazy altar of Hepliaklqana.
 15415 | D:9      | Found a shimmering altar of Xom.
 15416 | D:9      | Found a shadowy altar of Dithmenos.
 15877 | D:9      | Reached ** piety under Kikubaaqudgha
 15961 | D:9      | Found a staircase to the Orcish Mines.
 16141 | Lair:1   | Entered Level 1 of the Lair of Beasts
 16141 | Lair:1   | Noticed a cane toad
 16146 | Lair:1   | Noticed a cane toad
 16146 | Lair:1   | Noticed a seven-headed hydra
 16153 | D:8      | Killed a cane toad
 16154 | D:8      | Reached XP level 11. HP: 41/56 MP: 10/30
 16724 | D:8      | Slain by a cane toad

Illustrated notes

Levels and vault maps discovered:
D:1:      scummos_arrival_hexagon, layout_basic,
          corexii_item_surrounded_by_moat, minmay_lizard_king
D:2:      layout_loops_ring, serial_glass, glass_columns_b, glass_columns_a,
          basic_altar, basic_ecumenical_altar, serial_shops, nicolae_square_shop
D:3:      layout_loops_corners, mrwooster_statue_mirror,
          minmay_misc_feat_pillars
D:4:      layout_basic, fountainhead, uniq_edmund, uniq_eustachio
D:5:      layout_rooms, uniq_menkaure, uniq_blork_the_orc, uniq_duvessa,
          uniq_grinder
D:6:      layout_gridville, nicolae_gozag_cash_rules_everything_around_me,
          kb_rosetta, uniq_crazy_yiuf_cottage, uniq_maggie
D:7:      layout_loops_corners, minmay_temple_entry_overgrown, serial_shops,
          nicolae_shop_advertising_works [nicolae_subvault_shop_adworks]
D:8:      layout_rooms, david_lair_generic, uniq_joseph
D:9:      layout_loops_ring, grunt_temple_overflow_open, orc_0_dummy
Temple:   cyrus_circular_temple
Lair:1:   layout_chaotic_city, basic_altar, infiniplex_staircase_pool,
          serial_bayou_shore_b, uniq_urug

Skill      XL: |  1  2  3  4  5  6  7  8  9 10 |
---------------+-------------------------------+-----
Stealth        | 3 5 |  5.0
Dodging        | 3 4 5 |  5.0
Necromancy     | 5 7 8 9 10 11 | 11.9
Spellcasting   | 5 6 7 9 10 13 | 13.0
Shields        | 1 2 3 |  3.0
Air Magic      | 2 |  2.0
Poison Magic   | 2 |  2.0
Conjurations   | 3 5 |  5.0
Earth Magic    | 3 5 |  5.0
Evocations     | 4 |  4.0
Armour         | 1 |  1.0
Fighting       | 1 |  1.0

Action                   |  1- 3 |  4- 6 |  7- 9 | 10-12 || total
-------------------------+-------+-------+-------+-------++-------
Melee: Dagger            |       |    24 |       |       ||    24
       Staff             |       |       |       |     1 ||     1
Throw: Dart              |       |       |     4 |       ||     4
 Cast: Pain              |    59 |    64 |   133 |    60 ||   316
       Vampiric Draining |       |     9 |    51 |    21 ||    81
       Poisonous Vapours |       |       |    37 |    23 ||    60
       Animate Skeleton  |       |       |     3 |       ||     3
       Stone Arrow       |       |       |    27 |    34 ||    61
       Animate Dead      |       |       |     2 |     1 ||     3
       Foxfire           |       |       |       |    10 ||    10
Evoke: Wand              |       |       |       |     2 ||     2
  Use: Scroll            |       |     2 |     6 |     2 ||    10
       Potion            |       |       |     2 |     1 ||     3
Armor: Robe              |     3 |     4 |     5 |     7 ||    19
       Leather armour    |       |       |     8 |     9 ||    17
Dodge: Dodged            |     2 |    27 |    67 |    73 ||   169
Block: Buckler           |       |    10 |    17 |    11 ||    38
